Map: 10000 Feet LE

Players

LiquidMaNa (MaNa)

  • Race: Protoss Protoss
  • League: Grandmaster
  • Spawn Location: 5:00

SZsOs (sOs) - Winner!

  • Race: Protoss Protoss
  • Spawn Location: 11:00

VOD

Have the link to the VOD?

Description

Time

  • Played on: Jan. 30, 2026, 12:04 p.m.
  • Length: 8:34
Show
View Real Time Build Order
Export as new Build Order

LiquidMaNa Protoss 

Build Orders: Phoenix Opening, Blink Stalkers 

Get SALT Encoding   

  12  0:00  Probe  
  13  0:12  Probe  
  14  0:16  Pylon  
  14  0:23  Probe  
  15  0:32  Probe  
  15  0:36  Gateway  
  15  0:40  Probe  
  16  0:47  Assimilator  
  17  0:50  Probe  
  17  0:54  Assimilator  
  18  0:59  Probe  
  19  1:06  Gateway  
  19  1:07  Probe  
  20  1:17  Probe  
  20  1:23  Cybernetics Core  
  21  1:29  Probe  
  22  1:35  Pylon  
  22  1:41  Probe  
  24  1:57  Stalker  
  24  1:59  Stalker  
  25  2:06  Warp Gate  
  27  2:10  Pylon, Probe  
  28  2:22  Probe  
  29  2:29  Sentry x2  
  32  2:45  Nexus  
  32  2:48  Probe  
  33  2:53  Sentry  
  35  3:00  Phoenix, Probe  
  35  3:01  Pylon  
  35  3:05  Stalker  
  39  3:12  Probe  
  39  3:22  Twilight Council  
  39  3:24  Probe  
  40  3:29  Shield Battery  
  40  3:34  Probe  
  41  3:43  Probe  
  41  3:48  Blink  
  42  3:51  Probe  
  42  3:54  Stalker x2  
  47  3:58  Probe  
  48  4:03  Probe  
  49  4:13  Probe  
  49  4:15  Probe  
  51  4:20  Stalker  
  51  4:23  Stalker  
  55  4:25  Probe  
  55  4:28  Probe  
  57  4:37  Gateway  
  57  4:38  Probe  
  58  4:46  Stalker x2  
  62  4:53  Pylon  
  62  5:06  Probe x2  
  62  5:12  Stalker x2  
  62  5:18  Probe  
  62  5:20  Probe  
  62  5:22  Robotics Facility  
  62  5:24  Assimilator  
  62  5:30  Probe  
  62  5:33  Assimilator, Probe, Pylon  
  64  5:37  Pylon  
  64  5:38  Stalker x2  
  64  5:40  Stalker  
  70  5:44  Pylon  
  70  5:47  Probe  
  70  5:48  Probe  
  70  5:54  Pylon  
  63  6:03  Observer  
  57  6:13  Observer  
  49  6:24  Probe x2  
  41  6:34  Probe x2  
  43  6:42  Probe x2  
  45  6:48  Stalker  
  45  6:50  Probe x2  
  47  6:58  Stalker  
  47  7:00  Probe  
  51  7:03  Probe  
  51  7:04  Observer  
  54  7:08  Probe  
  54  7:14  Stalker  
  54  7:15  Probe, Stalker  
  58  7:17  Probe  
  61  7:23  Probe, Pylon  
  61  7:29  Probe  
  63  7:31  Probe  
  64  7:41  Probe x2  
  64  7:43  Gateway  
  66  7:48  Robotics Bay  
  66  7:50  Observer  
  67  7:53  Probe, Stalker  
  67  7:56  Stalker  
  72  8:01  Stalker  
  74  8:18  Sentry  
  76  8:20  Shield Battery  
  76  8:21  Stalker  
Show
View Real Time Build Order
Export as new Build Order

SZsOs Protoss - Winner!

Build Orders:  

Get SALT Encoding   

  12  0:00  Probe  
  13  0:12  Probe  
  14  0:17  Pylon  
  14  0:23  Probe  
  15  0:31  Probe  
  15  0:37  Gateway  
  15  0:40  Probe  
  16  0:46  Assimilator  
  17  0:51  Probe  
  18  0:59  Probe  
  19  1:04  Assimilator  
  19  1:07  Probe  
  19  1:08  Gateway  
  20  1:17  Probe  
  20  1:24  Cybernetics Core  
  21  1:29  Probe  
  22  1:35  Pylon  
  22  1:41  Probe  
  23  1:53  Probe  
  24  2:00  Adept  
  24  2:01  Adept, Warp Gate  
  28  2:10  Robotics Facility  
  28  2:15  Pylon  
  28  2:25  Pylon  
  28  2:31  Stalker, Sentry  
  32  2:39  Probe  
  33  2:47  Warp Prism  
  35  3:04  Pylon  
  35  3:09  Probe  
  34  3:20  Nexus  
  34  3:22  Observer  
  34  3:25  Probe  
  36  3:37  Probe  
  36  3:38  Twilight Council  
  37  3:49  Adept  
  37  3:52  Pylon  
  39  4:00  Immortal  
  39  4:10  Probe  
  44  4:17  Dark Shrine  
  44  4:21  Sentry  
  44  4:22  Probe  
  47  4:26  Pylon  
  47  4:33  Probe  
  47  4:34  Probe  
  49  4:44  Immortal  
  49  4:50  Probe  
  49  4:51  Shield Battery  
  51  4:58  Stalker  
  54  5:10  Probe  
  54  5:11  Probe  
  54  5:15  Stalker  
  54  5:25  Probe x2, Assimilator  
  56  5:29  Dark Templar  
  58  5:36  Pylon  
  58  5:37  Probe x2  
  58  5:38  Dark Templar  
  62  5:53  Probe x2  
  64  5:57  Immortal  
  68  6:05  Probe x2  
  68  6:06  Stalker  
  72  6:12  Stalker  
  68  6:22  Probe x2  
  66  6:30  Blink  
  64  6:33  Dark Templar  
  64  6:34  Probe x2  
  64  6:37  Gateway  
  68  6:45  Gateway  
  68  6:55  Warp Prism  
  66  7:04  Gateway  
  66  7:05  Gateway  
  66  7:11  Nexus  
  66  7:12  Sentry, Stalker  
  70  7:19  Pylon  
  70  7:23  Immortal  
  70  7:24  Assimilator  
  74  7:49  Stalker x4  
  82  7:52  Probe x2  
  82  7:54  Pylon  
  84  8:13  Stalker  
  84  8:14  Stalker x4  
Tags
 
Composition
Blink Stalkers
Matchup
PvP
Player
MaNasOs
Spawn Locations
Cross Positions
Add a new tag
Caveats
  • Supply blocks, unpowered buildings, or Contaminate may cause inaccurate times.
  • Supply counts are checked every 10 seconds.